 Dungeon Sprint DCSS version 0.31-a0-1074-g0b22e4e0f1 (webtiles) character file.

Game seed: 13972239828547976344

6624 rocky1 the Brawler (level 10, -3/96 HPs)
             Began as a Troll Shapeshifter on Dec 3, 2023.
             Was an Initiate of Gozag.
             Slain by Joseph
             ... wielding a +0 quarterstaff of freezing
              (4 damage)
             ... in the Dungeon (Sprint III: "The Ten Rune Challenge").
             The game lasted 00:05:45 (3763 turns).

rocky1 the Brawler (Troll Shapeshifter)             Turns: 3763, Time: 00:05:46

Health: -3/96      AC:  4    Str: 26    XL:     10   Next: 72%
Magic:  9/9        EV: 12    Int: 12    God:    Gozag
Gold:   1115       SH:  0    Dex: 11    Spells: 9/9 levels left

rFire   . .          .
                       - Unarmed
rCold   . . .        (shield currently unavailable)
rNeg    . . .        a - +0 animal skin
rPois   .            (helmet restricted)
rElec   .            (no cloak)
rCorr   .            (gloves unavailable)
SInv    .            (boots unavailable)
Will    .....        (no amulet)
Stlth   +            g - +6 ring of intelligence
HPRegen 1.16/turn    (no ring)
MPRegen 0.11/turn

%: no teleportation
@: flux-form, gold aura, slowed, glowing, very slow
A: glow, contaminating, large, unfitting armour, claws 3, regeneration 1, shaggy
fur 1, tough skin 1, noise suppression
a: Begin Untransformation, Renounce Religion, Potion Petition, Call Merchant,
Bribe Branch


You were in the Dungeon.
You worshipped Gozag.
Gozag was most pleased with you.
You were something dangerously unstable.
You visited 1 branch You collected 2158 gold pieces.
You spent 636 gold pieces at shops.
You paid 407 gold pieces to Gozag.

Inventory:

Hand Weapons
 q - a +2 scimitar of flaming
Missiles
 k - 2 datura-tipped darts (quivered)
Armour
 a - a +0 animal skin (worn)
Jewellery
 g - a +6 ring of intelligence (left claw)
Talismans
 c - a beast talisman
 d - a flux talisman (active)
Wands
 b - a wand of light (2)
 f - a wand of polymorph (6)
 i - a wand of flame (17)
Scrolls
 j - a scroll of blinking
 m - a scroll of immolation
 p - 2 scrolls of enchant weapon
Potions
 e - 4 potions of curing
 h - 2 potions of magic
 l - 3 potions of mutation
 n - a potion of enlightenment


   Skills:
 + Level 5.5 Fighting
 + Level 7.6 Dodging
 - Level 0.4 Stealth
 + Level 18.2 Unarmed Combat
 * Level 14.1 Shapeshifting


You had 9 spell levels left.
You didn't know any spells.
Your spell library contained the following spells:

 Spells                   Type           Power      Damage    Failure   Level
 Gell's Gravitas          Tloc           0%         N/A       69%         3
 Teleport Other           Tloc           0%         N/A       69%         3
 Dispersal                Tloc           0%         N/A       100%        6


Dungeon Overview and Level Annotations

Branches:
Dungeon (1/1)

Altars:
Cheibriados
Dithmenos
Elyvilon
Fedhas
Gozag
Hepliaklqana
Kikubaaqudgha
Makhleb
Nemelex Xobeh
Okawaru
Qazlal
Ru
Sif Muna
Trog
Uskayaw
Vehumet
Wu Jian
Xom
Yredelemnul
Zin
The Shining One
Jiyva
Lugonu

Shops:
D *

Annotations:
D Joseph


Innate Abilities, Weirdness & Mutations

You are something dangerously unstable.
You glow with magical radiation, making you easy to see and hit.
Foes you strike become dangerously contaminated with magical radiation.
You are incapable of wielding weapons or throwing items.
You are too large for most types of armour.
You have claws for hands.
Your natural rate of healing is unusually fast.
You are covered in fur. (AC +1)
You have tough skin. (AC +1)
You passively dampen the noise of your surroundings.


Message History

Harold twists and deforms.
Harold is heavily wounded.
Harold hits you with a +1 dire flail of distortion!
Space warps horribly around you!
You closely miss Harold.
Harold is heavily wounded.
Harold gestures at you while chanting. You resist with significant effort.
You claw Harold!
Harold begins to glow.
Harold is severely wounded.
You claw Harold!
Harold glows dangerously bright.
Harold is severely wounded.
Harold points at you and mumbles some strange words.
You feel yourself slow down.
You scratch Harold.
Harold shudders as magic cascades through him!!
You kill Harold!
Your Unarmed Combat skill increases to level 18!
Your Shapeshifting skill increases to level 14!
Unknown command.
You closely miss Joseph.
Joseph hits you with a +0 quarterstaff of freezing!!
Joseph freezes you!
You claw Joseph!
Joseph begins to glow.
Joseph is lightly wounded.
Joseph hits you with a +0 quarterstaff of freezing.
Joseph freezes you.
You barely miss Joseph.
Joseph is lightly wounded.
Joseph hits you with a +0 quarterstaff of freezing!!
* * * LOW HITPOINT WARNING * * *
Joseph freezes you.
* * * LOW HITPOINT WARNING * * *
You barely miss Joseph.
Joseph is lightly wounded.
Joseph hits you with a +0 quarterstaff of freezing!!
* * * LOW HITPOINT WARNING * * *
Joseph freezes you.
You die...
Your body crumbles into a pile of gold.

#####################
.~~§'.#.'...+.#.#.#.+
#§~§#.#.#.).##.#.#.##
#§..#.#.#)).#.#.#.#.#
#§..#...#...##.#.#.##
▓▓▓▓▓▓▓▓▓▓▓▓#.#.#.#.#
......~~~...##.#.#.##
≈≈≈≈≈≈≈≈♣♣P.'.#@#.#.#
♣♣♣♣♣♣♣♣♣♣PP##.#p#.##
♣♣♣##'##### .@. #...#
#...# #####


You could see Joseph (contam).

Vanquished Creatures
  Harold (D)
  Erica (D)
  A centaur warrior (D)
  A deep elf pyromancer (D)
  2 cane toads (D)
  An unseen horror (D)
  A komodo dragon (D)
  A rime drake (D)
  5 blink frogs (D)
  3 wandering mushrooms (D)
  A shadow (D)
  A spatial vortex (D)
  A swamp drake (D)
  2 centaurs (D)
  An earth elemental (D)
  A water elemental (D)
  A necrophage (D)
  A jelly (D)
  An arcanist (D)
  Jessica (D)
  A necromancer (D)
  3 humans (D)
  A kobold demonologist (D)
  A phantom (D)
  3 rats (D)
37 creatures vanquished.

Notes
Turn   | Place    | Note
-------+----------+-------------------------------------------
     0 | D        | rocky1 the Troll Shapeshifter began the quest for the Orb.
     0 | D        | Reached XP level 1. HP: 18/18 MP: 0/0
    29 | D        | Noticed Jessica
    37 | D        | Killed Jessica
    38 | D        | Reached skill level 1 in Fighting
    38 | D        | Reached skill level 4 in Unarmed Combat
    38 | D        | Reached XP level 2. HP: 19/27 MP: 1/1
   242 | D        | Reached skill level 5 in Unarmed Combat
   242 | D        | Reached skill level 5 in Shapeshifting
   242 | D        | Reached XP level 3. HP: 19/33 MP: 2/2
   545 | D        | Gained mutation: You passively dampen the noise of your
                  | surroundings. [potion of mutation]
   547 | D        | Noticed a water elemental
   550 | D        | Killed a water elemental
   551 | D        | Reached skill level 6 in Unarmed Combat
   551 | D        | Reached XP level 4. HP: 41/41 MP: 3/3
   756 | D        | Reached skill level 7 in Unarmed Combat
   756 | D        | Reached XP level 5. HP: 34/48 MP: 4/4
   933 | D        | Noticed a shadow
   940 | D        | Killed a shadow
   941 | D        | Reached skill level 8 in Unarmed Combat
   941 | D        | Reached XP level 6. HP: 43/57 MP: 5/5
  1155 | D        | Found a blossoming altar of Fedhas.
  1155 | D        | Found a stormy altar of Qazlal.
  1155 | D        | Found a snail-covered altar of Cheibriados.
  1155 | D        | Found a burning altar of Makhleb.
  1155 | D        | Found a shimmering altar of Xom.
  1155 | D        | Noticed a spatial vortex
  1156 | D        | Found a hazy altar of Hepliaklqana.
  1156 | D        | Found an opulent altar of Gozag.
  1156 | D        | Found a sparkling altar of Nemelex Xobeh.
  1156 | D        | Found a corrupted altar of Lugonu.
  1156 | D        | Found a viscous altar of Jiyva.
  1162 | D        | Became a worshipper of Gozag Ym Sagoz the Greedy
  1164 | D        | Killed a spatial vortex
  1165 | D        | Reached skill level 9 in Unarmed Combat
  1308 | D        | Found a basalt altar of Yredelemnul.
  1308 | D        | Found a shadowy altar of Dithmenos.
  1308 | D        | Found a sacrificial altar of Ru.
  1314 | D        | Reached skill level 10 in Unarmed Combat
  1520 | D        | Found a radiant altar of Vehumet.
  1520 | D        | Found a shimmering blue altar of Sif Muna.
  1520 | D        | Found an ancient bone altar of Kikubaaqudgha.
  1524 | D        | Reached XP level 7. HP: 63/66 MP: 6/6
  1772 | D        | Found a glowing silver altar of Zin.
  1772 | D        | Found a glowing golden altar of the Shining One.
  1772 | D        | Found a white marble altar of Elyvilon.
  1773 | D        | Noticed a deep elf pyromancer
  1779 | D        | Noticed a fire elemental
  1779 | D        | Killed a deep elf pyromancer
  1780 | D        | Reached skill level 11 in Unarmed Combat
  1780 | D        | Reached skill level 10 in Shapeshifting
  1938 | D        | Found a hide-covered altar of Uskayaw.
  1938 | D        | Found an iron altar of Okawaru.
  1938 | D        | Found a bloodstained altar of Trog.
  1938 | D        | Found an ornate altar of the Wu Jian Council.
  1938 | D        | Noticed a human
  1939 | D        | Noticed a human
  1944 | D        | Killed a human
  1945 | D        | Reached skill level 12 in Unarmed Combat
  1945 | D        | Reached XP level 8. HP: 62/75 MP: 7/7
  1948 | D        | Reached skill level 5 in Dodging
  2112 | D        | Noticed Erica
  2130 | D        | Killed Erica
  2131 | D        | Reached skill level 13 in Unarmed Combat
  2539 | D        | Noticed a centaur warrior
  2542 | D        | Killed a centaur warrior
  2543 | D        | Reached skill level 14 in Unarmed Combat
  2543 | D        | Reached XP level 9. HP: 71/84 MP: 8/8
  2547 | D        | Reached skill level 15 in Unarmed Combat
  2581 | D        | Noticed an unseen horror
  2585 | D        | Killed an unseen horror
  2726 | D        | Noticed a wandering mushroom
  2731 | D        | Noticed a wandering mushroom
  2733 | D        | Noticed a wandering mushroom
  2761 | D        | Killed a wandering mushroom
  3067 | D        | Noticed a cane toad
  3067 | D        | Noticed a komodo dragon
  3067 | D        | Noticed a cane toad
  3074 | D        | Killed a cane toad
  3075 | D        | Reached skill level 16 in Unarmed Combat
  3079 | D        | Killed a cane toad
  3080 | D        | Reached XP level 10. HP: 82/94 MP: 9/9
  3084 | D        | Reached skill level 5 in Fighting
  3518 | D        | Bought a twisted iron wand for 128 gold pieces
  3518 | D        | Bought 2 potions of curing for 192 gold pieces
  3518 | D        | Bought a brass wand for 128 gold pieces
  3518 | D        | Bought a scroll labelled MUPPEA AWIYRAI for 32 gold pieces
  3518 | D        | Bought a potion of curing for 96 gold pieces
  3518 | D        | Bought a scroll labelled MUPPEA AWIYRAI for 32 gold pieces
  3518 | D        | Bought an inky potion for 28 gold pieces
  3532 | D        | Reached skill level 17 in Unarmed Combat
  3748 | D        | Noticed Harold
  3748 | D        | Noticed Joseph
  3759 | D        | Killed Harold
  3760 | D        | Reached skill level 18 in Unarmed Combat
  3763 | D        | HP: 1/96 [Joseph/+0 quarterstaff of freezing (22)]
  3763 | D        | Slain by Joseph

Illustrated notes

Levels and vault maps discovered:
D:        dungeon_sprint_mu [sprint_mu_entry_cave, sprint_mu_temple_rooms,
          sprint_mu_d1_horrors, sprint_mu_d2_genie, sprint_mu_d3_branching,
          sprint_mu_orc_legion, sprint_mu_elf_gauntlet, sprint_mu_hive_nellie,
          sprint_mu_lair_fedhas, sprint_mu_vaults_butterflies,
          sprint_mu_slime_circle, sprint_mu_shoals_kraken,
          sprint_mu_snake_twists, sprint_mu_blade_basic, sprint_mu_crypt_lich,
          sprint_mu_tomb_spiral, sprint_mu_vestibule_basic,
          sprint_mu_gehenna_hellfire, sprint_mu_dis_giant,
          sprint_mu_tartarus_statrot, sprint_mu_cocytus_islands, sprint_mu_zot1]

Skill      XL: |  1  2  3  4  5  6  7  8  9 10 |
---------------+-------------------------------+-----
Fighting       | 1 2 3 4 5 |  5.5
Dodging        | 2 3 4 5 6 7 |  7.6
Unarmed Combat | 4 5 6 7 8 10 12 14 16 18 | 18.2
Shapeshifting  | 4 5 6 8 9 11 12 13 14 | 14.1
Stealth        | |  0.4

Action                     |  1- 3 |  4- 6 |  7- 9 | 10-12 || total
---------------------------+-------+-------+-------+-------++-------
  Melee: Unarmed           |    31 |    21 |    70 |    34 ||   156
         Punch             |     1 |       |       |       ||     1
 Invoke: Call Merchant     |       |       |       |     1 ||     1
    Use: Potion            |     2 |       |     4 |     2 ||     8
         Scroll            |       |       |       |     3 ||     3
   Stab: Sleeping          |     2 |       |       |       ||     2
 Armour: Animal skin       |    13 |    11 |    45 |    17 ||    86
         Skin              |       |       |     2 |     2 ||     4
  Dodge: Dodged            |    12 |     2 |    23 |     9 ||    46
   Form: Flux              |       |     1 |     1 |       ||     2
         Beast             |       |       |     1 |       ||     1

Table legend: (Time is in decaauts)
 A = Elapsed time spent in this place.
 B = Non-inter-level travel time spent in this place.
 C = Inter-level travel time spent in this place.
 D = Time resting spent in this place.
 E = Time spent auto-exploring this place.
 F = Levels seen in this place.
 G = Mean time per level.
                   A        B        C        D        E       F      G
               +--------+--------+--------+--------+--------+-----+--------+
         Total |   3762 |   3740 |     22 |   3211 |     17 |   1 | 3762.0 |
       Dungeon |   3762 |   3740 |     22 |   3211 |     17 |   1 | 3762.0 |
               +--------+--------+--------+--------+--------+-----+--------+

Top non-repeatable levels by time:
       D: 3762 daAuts
